 Dungeon Crawl Stone Soup version 0.29-a0-486-ga88943ba61 (webtiles) character file.

Game seed: 6860119209580300838

191 Bruhh the Ogre Mage (level 5, -2/45 HPs)
             Began as an Ogre Earth Elementalist on May 26, 2022.
             Slain by Edmund
             ... wielding a +5 dire flail of protection
              (3 damage)
             ... on level 4 of the Dungeon.
             The game lasted 00:02:29 (2843 turns).

Bruhh the Ogre Mage (Ogre Earth Elementalist)       Turns: 2843, Time: 00:02:30

Health: -2/45      AC:  3    Str: 12    XL:     5   Next: 70%
Magic:  12/12      EV:  9    Int: 18    God:
Gold:   93         SH:  5    Dex:  9    Spells: 12/13 levels left

rFire   . . .      SeeInvis .   e - +0 dagger
rCold   . . .      Faith    .   (no shield)
rNeg    . . .      Spirit   .   b - +0 robe
rPois   .          Reflect  +   (helmet restricted)
rElec   .          Harm     .   (no cloak)
rCorr   .          Rampage  .   (gloves unavailable)
Will    .....                   (boots unavailable)
Stlth   +.........              r - amulet of reflection
HPRegen 0.15/turn               (no ring)
MPRegen 0.13/turn               (no ring)

@: lethally poisoned (-2 -> -47)
A: large, unfitting armour, tough skin 1
a: no special abilities


You were on level 4 of the Dungeon.
You visited 1 branch of the dungeon, and saw 4 of its levels.

You collected 93 gold pieces.

Inventory:

Hand Weapons
 e - a +0 dagger (weapon)
Missiles
 a - 45 stones
Armour
 b - a +0 robe (worn)
Jewellery
 r - an amulet of reflection (around neck)
 s - a ring of fire
 v - a ring of ice
Wands
 o - a wand of flame (11)
 u - a wand of digging (5)
Scrolls
 k - 5 scrolls of identify {unknown}
 l - a scroll of noise {unknown}
 m - a scroll of teleportation {unknown}
 q - a scroll of amnesia {unknown}
 t - 3 scrolls of fear {unknown}
 w - 2 scrolls of enchant armour {unknown}
Potions
 c - a potion of magic
 d - 3 potions of attraction {unknown}
 f - a potion of mutation {unknown}
 g - a potion of haste {unknown}
 h - a potion of might {unknown}
 j - 2 potions of brilliance {unknown}
 n - a potion of curing {unknown}
 p - a potion of lignification {unknown}


   Skills:
 - Level 1.7 Dodging
 - Level 1.4 Stealth
 + Level 4.8 Spellcasting
 - Level 0.8 Transmutations
 + Level 4.4 Earth Magic


You had 12 spell levels left.
You knew the following spells:

 Your Spells              Type           Power      Damage    Failure   Level
a - Sandblast             Erth           40%        2d10      2%          1

Your spell library contained the following spells:

 Spells                   Type           Power      Damage    Failure   Level
 Passwall                 Tmut/Erth      10%        N/A       7%          2
 Stone Arrow              Conj/Erth      24%        3d8       17%         3
 Ensorcelled Hibernation  Hex/Ice        8%         N/A       21%         2
 Spider Form              Tmut/Pois      5%         N/A       34%         3
 Gell's Gravitas          Tloc           4%         N/A       38%         3
 Teleport Other           Tloc           4%         N/A       38%         3
 Petrify                  Tmut/Erth      13%        N/A       41%         4
 Anguish                  Hex/Necr       2%         N/A       80%         4
 Dispersal                Tloc           2%         N/A       100%        6


Dungeon Overview and Level Annotations

Branches:
Dungeon (4/15)
 Temple: D:4-7

Altars:

Shops:
D:3 (

Annotations:
D:4 Edmund


Innate Abilities, Weirdness & Mutations

You are too large for most types of armour.
You have tough skin. (AC +1)


Message History

Done exploring.
There is a stone staircase leading down here.
You climb downwards.
Found a scroll labelled HOUZOD ZALL.
There is a stone staircase leading up here.
You can't go down here!
Found a stone staircase leading down.
Edmund the Younger comes into view.
He is wielding a +5 dire flail of protection.
Found a ring mail.
Edmund shouts!
Edmund is nearby!
Edmund is nearby!
Casting: Sandblast (safe; 2% risk of failure)
Confirm with . or Enter, or press ? or * to list all spells.
Okay, then.
Okay, then.
The air fills with toxic fumes!
As you read the scroll labelled XESEPTA CENUIRR, it crumbles to dust.
It was a scroll of poison.
Edmund hits you with a +5 dire flail of protection.
Okay, then.
Really walk into that cloud of poison gas?
Edmund attacks as you move away! Edmund completely misses you.
You are engulfed in poison gas.
You are poisoned.
You feel very sick. Edmund attacks as you move away! You block Edmund's attack.
You are engulfed in poison gas.
You are more poisoned.
You feel extremely sick.
You are engulfed in poison gas.
You are lethally poisoned!
You feel extremely sick.
Edmund is engulfed in poison gas.
Edmund is poisoned.
There is a stone staircase leading up here.
You are engulfed in poison gas.
You are more poisoned.
* * * LOW HITPOINT WARNING * * *
x2 You feel extremely sick.
Edmund is engulfed in poison gas.
Edmund looks even sicker.
Edmund hits you with a +5 dire flail of protection.
You die...

... ..# ..#
####.# #§.#.# #
#§@#.#[#
##.#.##@#.#.####.
...>..§§§........
###.#####.#.####.
.......§# #
#.#...##§ #... §§
#.. .§§ .... ...#


You could see Edmund (very poisoned).

Vanquished Creatures
  Ijyb (D:3)
  Natasha (thrice) (D:3)
  2 adders
  4 worms
  An orc (D:3)
  A ball python (D:3)
  6 endoplasms
  2 giant cockroaches (D:1)
  6 goblins
  A hobgoblin (D:2)
  9 jackals
  3 quokkas
  7 bats
  2 frilled lizards
  4 kobolds
  5 rats
57 creatures vanquished.

Notes
Turn   | Place    | Note
-------+----------+-------------------------------------------
     0 | D:1      | Bruhh the Ogre Earth Elementalist began the quest for the
                  | Orb.
     0 | D:1      | Reached XP level 1. HP: 16/16 MP: 3/3
   222 | D:1      | Reached XP level 2. HP: 24/24 MP: 2/5
   774 | D:2      | Reached XP level 3. HP: 31/31 MP: 5/7
  1266 | D:2      | Found a faded altar of an unknown god.
  1484 | D:3      | Noticed Natasha
  1496 | D:3      | Killed Natasha
  1497 | D:3      | Reached XP level 4. HP: 31/39 MP: 1/9
  1741 | D:3      | Noticed Natasha
  1745 | D:3      | Killed Natasha
  1804 | D:3      | Noticed Natasha
  1807 | D:3      | Killed Natasha
  1808 | D:3      | Reached XP level 5. HP: 26/45 MP: 8/11
  2212 | D:3      | Noticed Ijyb
  2220 | D:3      | Killed Ijyb
  2528 | D:3      | Found Mafar's Weapon Emporium.
  2838 | D:4      | Noticed Edmund
  2843 | D:4      | HP: 1/45 [poisoned by you (poison gas)]
  2843 | D:4      | Slain by Edmund

Illustrated notes

Levels and vault maps discovered:
D:1:      minmay_arrival_shoal_huts, layout_rooms
D:2:      layout_loops_cross, shapermc_ecumenical_altar_petra
D:3:      layout_loops_ring, serial_shops, shop, uniq_ijyb, uniq_natasha
D:4:      layout_basic, uniq_edmund, uniq_eustachio, uniq_robin

Skill      XL: |  1  2  3  4 |
---------------+-------------+-----
Earth Magic    | 3 4 |  4.4
Spellcasting   | 3 4 |  4.8
Dodging        | |  1.7
Stealth        | |  1.4
Transmutations | |  0.8

Action                   |  1- 3 |  4- 6 || total
-------------------------+-------+-------++-------
Melee: Dagger            |    20 |       ||    20
       Punch             |     1 |       ||     1
 Cast: Sandblast         |    46 |    38 ||    84
Evoke: Wand              |       |     2 ||     2
  Use: Scroll            |       |     1 ||     1
 Stab: Sleeping          |     1 |       ||     1
Armor: Robe              |    14 |     6 ||    20
Dodge: Dodged            |    22 |     9 ||    31
Block: Other             |       |     2 ||     2

Table legend: (Time is in decaauts)
 A = Elapsed time spent in this place.
 B = Non-inter-level travel time spent in this place.
 C = Inter-level travel time spent in this place.
 D = Time resting spent in this place.
 E = Time spent auto-exploring this place.
 F = Levels seen in this place.
 G = Mean time per level.
                   A        B        C        D        E       F      G
               +--------+--------+--------+--------+--------+-----+--------+
         Total |   2846 |   2749 |     97 |    176 |   2265 |   4 |  711.5 |
       Dungeon |   2846 |   2749 |     97 |    176 |   2265 |   4 |  711.5 |
               +--------+--------+--------+--------+--------+-----+--------+

Top non-repeatable levels by time:
     D:3: 1174 daAuts
     D:2: 969 daAuts
     D:1: 693 daAuts
     D:4: 9 daAuts
